 Dungeon Crawl Stone Soup version 0.31-a0-818-ge7c7cf74f0 (webtiles) character file.

Game seed: 11875322746047218350

113 scionoferis the Ruffian (level 4, -5/39 (41) HPs)
             Began as a Hill Orc Monk on Sept 22, 2023.
             Was a Believer of Beogh.
             Killed by divine providence
             ... invoked by an orc priest
              (15 damage)
             ... on level 4 of the Dungeon.
             The game lasted 00:04:22 (2567 turns).

scionoferis the Ruffian (Hill Orc Monk)             Turns: 2567, Time: 00:04:22

HP:   -5/39 (41)    AC:  8    Str: 15    XL:     4   Next: 96%
MP:   4/4           EV: 11    Int: 10    God:    Beogh [**....]
Gold: 142           SH:  0    Dex: 13    Spells: 3/3 levels left

rFire   . .          .
                       - Unarmed
rCold   . . .        c - orb {light}
rNeg    . . .        a - +0 ring mail
rPois   .            (no helmet)
rElec   .            (no cloak)
rCorr   .            (no gloves)
SInv    .            p - +2 pair of boots
Will    .....        (no amulet)
Stlth   +            (no ring)
HPRegen 0.26/turn    (no ring)
MPRegen 0.09/turn

%: no passive effects
@: glowing, lightly drained
A: no striking features
a: Renounce Religion, Smiting


You were on level 4 of the Dungeon.
You worshipped Beogh.
Beogh was pleased with you.
You visited 1 branch of the dungeon, and saw 4 of its levels.

You collected 238 gold pieces.
You spent 96 gold pieces at shops.


   Skills:
 + Level 4.8 Fighting
 - Level 2.4 Dodging
 * Level 5.2 Unarmed Combat


You had 3 spell levels left.
You didn't know any spells.
Your spell library contained the following spells:

 Spells                   Type           Power      Damage    Failure   Level
 Apportation              Tloc           0%         N/A       58%         1
 Cigotuvi's Dreadful Rot  Necr/Pois/Air  0%         N/A       75%         2
 Jinxbite                 Hex            0%         N/A       75%         2
 Ignite Poison            Fire/Tmut/Pois 0%         N/A       92%         3
 Alistair's Intoxication  Tmut/Pois      0%         N/A       100%        5
 Freezing Cloud           Conj/Ice/Air   0%         6-21      100%        5

Inventory:

Hand Weapons
 b - a +2 sling of electrocution
   (You found it on level 1 of the Dungeon)
Armour
 a - a +0 ring mail (worn)
   (You found it on level 1 of the Dungeon)
 c - an orb of light (worn)
 l - a +1 robe of cold resistance
   (You took it off Jessica on level 2 of the Dungeon)
 p - a +2 pair of boots (worn)
   (You found it on level 3 of the Dungeon)
Scrolls
 d - 2 scrolls of teleportation
 e - 2 scrolls of fear {unknown}
 h - 2 scrolls of torment {unknown}
 i - a scroll of blinking {unknown}
 k - a scroll of poison {unknown}
 q - a scroll of butterflies {unknown}
 r - 2 scrolls of identify {unknown}
Potions
 f - a potion of might {unknown}
 g - a potion of ambrosia
 j - a potion of degeneration {unknown}
 m - 3 potions of heal wounds
 n - a potion of resistance {unknown}
 o - a potion of haste {unknown}

Dungeon Overview and Level Annotations

Branches:
Dungeon (4/15)
 Temple: D:4-7

Altars:
Makhleb

Shops:
D:2 *

Annotations:
D:1 dig for loot

# #. ##.#
#.oo## #@#
#.# #.###o#
#....#
####o#
#########o#
#.........#
#
#.#########
# #.#


You could see 2 orc priests, a neutral orc priest (wandering) and 2 neutral
orcs.


Message History

Welcome, scionoferis the Hill Orc Monk.
It's a long way down to the Orb of Zot, but that shouldn't be any trouble.
Press ? for a list of commands and other information.
Found 12 gold pieces.
Found a staircase leading out of the dungeon.
You now have 12 gold pieces.
Found a leather armour.
Found 8 gold pieces.
You see here a +0 leather armour.
d - a +0 leather armour You start removing your armour.
You continue taking off your +0 robe. x4
You finish taking off your +0 robe.
You start putting on your armour.
You continue putting on your +0 leather armour. x5
You finish putting on your +0 leather armour.
Unknown command.
You drop a +0 robe.
A hobgoblin comes into view.
The hobgoblin shouts!
The hobgoblin barely misses you.
You hit the hobgoblin but do no damage.
The hobgoblin hits you but does no damage.
You barely miss the hobgoblin. The hobgoblin hits you.
You hit the hobgoblin.
The hobgoblin is almost dead.
You hit the hobgoblin.
You kill the hobgoblin!
No target in view!
HP restored.
You now have 20 gold pieces (gained 8).
Found a ring mail.
Found a spear.
Found a scroll labelled BIUBBI QARUDE.
You see here a +0 ring mail.
a - a +0 ring mail You start removing your armour.
You continue taking off your +0 leather armour. x4
You finish taking off your +0 leather armour.
You start putting on your armour.
You continue putting on your +0 ring mail. x5
You finish putting on your +0 ring mail.
Unknown command.
You drop a +0 leather armour.
d - a scroll labelled BIUBBI QARUDE A bat comes into view.
The bat closely misses you.
You hit the bat.
The bat is severely wounded.
The bat hits you. The bat hits you but does no damage.
You hit the bat.
You kill the bat!
No target in view!
A ball python comes into view.
The ball python hisses angrily.
A frilled lizard comes into view.
The frilled lizard hisses angrily.
The ball python bites you but does no damage.
The ball python misses you.
You hit the ball python.
The ball python is severely wounded.
The ball python misses you. The ball python closely misses you.
You barely miss the ball python.
The ball python is severely wounded.
The ball python misses you. The ball python closely misses you.
You barely miss the ball python.
The ball python is severely wounded.
The frilled lizard hisses.
The ball python bites you but does no damage.
The ball python grabs you. The ball python constricts you.
You hit the ball python.
You kill the ball python!
The frilled lizard barely misses you.
You hit the frilled lizard.
You kill the frilled lizard!
No target in view!
A ball python comes into view.
The ball python hisses angrily.
You hit the ball python.
You kill the ball python!
No target in view!
You see here a ball python corpse.
Found 4 stones.
You see here 4 stones.
You see here a hobgoblin skeleton.
You see here a +0 robe.
A giant cockroach comes into view.
You hit the giant cockroach.
The giant cockroach is severely wounded.
The giant cockroach closely misses you.
You barely miss the giant cockroach.
The giant cockroach is severely wounded.
The giant cockroach misses you.
You hit the giant cockroach but do no damage.
The giant cockroach is heavily wounded.
The giant cockroach misses you.
You barely miss the giant cockroach.
The giant cockroach is heavily wounded.
The giant cockroach closely misses you.
You hit the giant cockroach but do no damage.
The giant cockroach is heavily wounded.
The giant cockroach bites you.
You hit the giant cockroach.
The giant cockroach is almost dead.
The giant cockroach bites you but does no damage.
You hit the giant cockroach but do no damage.
The giant cockroach is almost dead.
The giant cockroach closely misses you.
The giant cockroach bites you but does no damage.
You hit the giant cockroach.
You kill the giant cockroach!
You have reached level 2!
You see here a giant cockroach corpse.
Found a robe.
e - 2 scrolls labelled YBIADDUVEE You now have 29 gold pieces (gained 9).
Found a stone staircase leading down.
You now have 39 gold pieces (gained 10).
An endoplasm comes into view.
The endoplasm quivers.
You see here 3 gold pieces.
You hit the endoplasm.
The endoplasm is moderately wounded.
The endoplasm hits you but does no damage.
You hit the endoplasm.
The endoplasm is severely wounded.
The endoplasm hits you.
You hit the endoplasm.
You kill the endoplasm!
You now have 42 gold pieces (gained 3).
f - a gluggy clear potion
Found an escape hatch in the floor.
Found a stone staircase leading down.
There is a stone staircase leading down here.
You open the door.
There is an open door here.
Found a robe and 7 stones.
Found three items.
Search for what [? for help]?
Okay, then.
Annotate which branch? (. - D:1, ? - help, ! - show branch list) New annotation for D:1 (include '!' for warning): dig for loot Unknown command.
Found a whip.
Found a stone staircase leading down.
A rat comes into view.
Found a glowing sling and 8 gold pieces.
You hit the rat.
You kill the rat!
No target in view!
You now have 50 gold pieces (gained 8).
You see here a +2 sling of electrocution.
g - a +2 sling of electrocution Adjust to which letter? (? for menu, Esc to quit)
b - a +2 sling of electrocution;
g - a potion of ambrosia You hear the crackle of electricity.
b - a +2 sling of electrocution (weapon)
There is an open door here.
You now have 60 gold pieces (gained 10).
You now have 75 gold pieces (gained 15).
h - a scroll labelled GOTI YHATUOC You now have 91 gold pieces (gained 16).
You see here a +0 robe.
There is a stone staircase leading down here.
You see here 4 stones.
You enter the shallow water.
Moving in this stuff is going to be slow.
You enter the shallow water.
Moving in this stuff is going to be slow.
You enter the shallow water.
Moving in this stuff is going to be slow.
You enter the shallow water.
Moving in this stuff is going to be slow.
You enter the shallow water.
Moving in this stuff is going to be slow.
Partly explored, can't reach some places.
There is a stone staircase leading down here.
Search for what [? for help]? d: Unknown command.
You climb downwards.
The goblin shouts!
There is a stone staircase leading up here.
You shoot a sling bullet. The sling bullet hits the goblin.
You kill the goblin!
No target in view!
A rat comes into view.
You shoot a sling bullet. The sling bullet hits the rat.
Lightning courses through the rat!
You kill the rat!
Found a leather armour.
Found 7 stones.
Found an escape hatch in the ceiling.
You pick up a Trismegistus Codex and begin reading...
You add the spells Cigotuvi's Dreadful Rot, Ignite Poison and Freezing Cloud to your library.
i - a scroll labelled ZEERGHI DUANA A hobgoblin comes into view.
The hobgoblin shouts!
You hear a shout!
You shoot a sling bullet. The sling bullet hits the hobgoblin.
The hobgoblin is moderately wounded.
Your +2 sling of electrocution stops crackling.
You are now empty-handed.
The hobgoblin hits you.
You hit the hobgoblin.
The hobgoblin is almost dead.
A hobgoblin comes into view.
The hobgoblin hits you.
You punch the hobgoblin!
You kill the hobgoblin!
You hit the hobgoblin.
The hobgoblin is moderately wounded.
The hobgoblin barely misses you.
You hit the hobgoblin.
You kill the hobgoblin!
No target in view!
You hear the crackle of electricity.
b - a +2 sling of electrocution (weapon)
HP restored.
j - a sedimented yellow potion
Found an escape hatch in the floor.
There is an escape hatch in the floor here.
A rat comes into view.
You shoot a sling bullet. The sling bullet hits the rat!
Lightning courses through the rat!
You kill the rat!
Your Fighting skill increases to level 4!
Your +2 sling of electrocution stops crackling.
You are now empty-handed.
You hear the crackle of electricity.
b - a +2 sling of electrocution (weapon)
k - a scroll labelled GYVYZXADOU
Found a robe.
Found a stone staircase leading down.
Jessica and an adder come into view.
Jessica is wielding a +0 dagger and wearing a +1 robe of cold resistance.
Found 19 gold pieces.
Jessica shouts!
The adder hisses angrily.
You shoot a sling bullet. The sling bullet hits Jessica.
Jessica is moderately wounded.
Jessica gestures wildly while chanting.
Jessica blinks!
Your +2 sling of electrocution stops crackling.
You are now empty-handed.
You closely miss the adder. The adder bites you but does no damage.
The adder bites you.
You closely miss the adder. The adder closely misses you.
You hit the adder.
The adder is lightly wounded.
The adder bites you but does no damage.
You punch the adder!
The adder is severely wounded.
The adder bites you.
Jessica gestures wildly while chanting.
Jessica seems to speed up.
You hit the adder but do no damage.
The adder is severely wounded.
The adder bites you but does no damage. x2
You hit the adder.
The adder is almost dead.
The adder bites you.
You closely miss the adder.
The adder is almost dead.
The adder barely misses you.
You punch the adder!
You kill the adder!
Jessica barely misses you.
Your Unarmed Combat skill increases to level 4!
You have reached level 3!
Your experience leads to an increase in your attributes!
Increase (S)trength, (I)ntelligence, or (D)exterity?
You feel stronger. x2
You hit Jessica but do no damage.
Jessica is moderately wounded.
Jessica gestures at you while chanting.
You feel yourself slow down.
You hit Jessica but do no damage.
Jessica is moderately wounded.
Jessica hits you but does no damage. Jessica hits you with a +0 dagger.
You hit Jessica but do no damage.
Jessica is moderately wounded.
Jessica closely misses you. Jessica barely misses you.
You barely miss Jessica.
Jessica is moderately wounded.
Jessica mumbles some strange words.
Jessica blinks!
Jessica barely misses you. Jessica closely misses you.
You see here an adder corpse.
You hit Jessica.
Jessica is heavily wounded.
Jessica hits you but does no damage. Jessica barely misses you.
You hit Jessica.
Jessica is almost dead.
Jessica hits you with a +0 dagger. Jessica casts a spell at you.
Pain shoots through your body!
You hit Jessica.
You kill Jessica!
You start resting.
You feel yourself speed up.
You start resting.
HP restored.
You hear the crackle of electricity.
b - a +2 sling of electrocution (weapon)
You see here an adder corpse.
Things that are here:
a +0 dagger; a +1 robe of cold resistance You now have 110 gold pieces (gained 19).
Things that are here:
a +0 dagger; a +1 robe of cold resistance
Things that are here:
a +0 dagger; a +1 robe of cold resistance
l - a +1 robe of cold resistance
Found Quikhis's General Store.
There is an entrance to Quikhis's General Store here.
m - a potion of heal wounds
d - 2 scrolls of teleportation (gained 1) Thank you for shopping at Quikhis's General Store!
Found a stone staircase leading up.
A frilled lizard comes into view.
The frilled lizard hisses angrily.
You shoot a sling bullet.
The sling bullet misses the frilled lizard.
You shoot a sling bullet.
The sling bullet barely misses the frilled lizard.
An endoplasm comes into view.
You shoot a sling bullet.
The sling bullet hits the frilled lizard.
You kill the frilled lizard!
You shoot a sling bullet. The sling bullet hits the endoplasm.
The endoplasm is lightly wounded.
You shoot a sling bullet. The sling bullet hits the endoplasm.
The endoplasm is moderately wounded.
You shoot a sling bullet. The sling bullet hits the endoplasm.
Lightning courses through the endoplasm!
You kill the endoplasm!
You now have 16 gold pieces (gained 2).
You see here a frilled lizard corpse.
A jackal comes into view.
The jackal moves out of view.
You now have 27 gold pieces (gained 11).
The jackal barks!
You hear a bark!
A jackal comes into view.
You shoot a sling bullet. The sling bullet hits the jackal.
You kill the jackal!
You shoot a sling bullet.
The sling bullet barely misses the jackal.
You shoot a sling bullet.
The sling bullet hits the jackal but does no damage.
You shoot a sling bullet.
The sling bullet hits the jackal but does no damage.
The jackal closely misses you.
The jackal bites you but does no damage.
A jackal comes into view.
Your +2 sling of electrocution stops crackling.
You are now empty-handed.
The jackal bites you but does no damage.
A jackal comes into view.
The jackal barks!
You hit the jackal.
You kill the jackal!
You barely miss the jackal. The jackal completely misses you.
You hit the jackal.
The jackal is heavily wounded.
The jackal bites you. The jackal closely misses you.
You closely miss the jackal.
The jackal is moderately wounded.
The jackal barely misses you.
You hit the jackal.
The jackal is almost dead.
A bat comes into view.
The jackal bites you but does no damage.
You punch the jackal!
You kill the jackal!
The jackal barely misses you.
You punch the jackal!
You kill the jackal!
You have reached level 4!
You hit the bat.
The bat is moderately wounded.
The bat barely misses you.
An endoplasm comes into view.
Found a grey potion.
Found two stone staircases leading down.
The endoplasm quivers.
The bat barely misses you. x2
Things that are here:
a jackal corpse; a jackal corpse; a jackal corpse You hit the bat.
You kill the bat!
No target in view!
You hear the crackle of electricity.
b - a +2 sling of electrocution (weapon)
An endoplasm is nearby!
You shoot a sling bullet. The sling bullet hits the endoplasm!
Lightning courses through the endoplasm!
You kill the endoplasm!
You now have 38 gold pieces (gained 11).
You now have 49 gold pieces (gained 11).
n - a grey potion Your +2 sling of electrocution stops crackling.
You are now empty-handed.
You hear the crackle of electricity.
b - a +2 sling of electrocution (weapon)
There is a stone staircase leading down here.
Found a ring mail.
You see here a +0 ring mail.
You now have 58 gold pieces (gained 9).
h - 2 scrolls labelled GOTI YHATUOC (gained 1)
You see here a frilled lizard corpse.
Found a serpent talisman.
A rat comes into view.
The rat moves out of view.
You shoot a sling bullet. The sling bullet barely misses the rat.
The rat bites you but does no damage.
Your +2 sling of electrocution stops crackling.
You are now empty-handed.
You hit the rat but do no damage. The rat barely misses you.
You punch the rat!
You kill the rat!
No target in view!
You hear the crackle of electricity.
b - a +2 sling of electrocution (weapon)
Found a burning altar of Makhleb.
You see here a rat corpse.
Found a stone staircase leading up.
A kobold comes into view. It is wielding a +0 dagger.
You shoot a sling bullet. The kobold shouts!
The sling bullet hits the kobold.
The kobold is moderately wounded.
The kobold throws a stone.
The stone hits you but does no damage.
You shoot a sling bullet.
The sling bullet completely misses the kobold.
The kobold throws a stone.
The stone completely misses you.
You shoot a sling bullet.
The sling bullet barely misses the kobold.
You shoot a sling bullet. The sling bullet hits the kobold.
You kill the kobold!
A ball python comes into view.
You shoot a sling bullet. The ball python hisses angrily.
The sling bullet hits the ball python.
You kill the ball python!
No target in view!
There is a burning altar of Makhleb here.
You now have 72 gold pieces (gained 14).
Things that are here:
a +0 dagger; 4 stones You see here a ball python corpse.
Found a hand axe.
You open the door.
Found a faded altar of an unknown god.
There is an open door here.
You now have 84 gold pieces (gained 12).
You open the door.
There is an open door here.
There is a faded altar of an unknown god here.
You open the door.
There is an open door here.
You open the door.
There is an open door here.
You see here a rat corpse.
Found a spear.
A bat comes into view.
You shoot a sling bullet. The sling bullet hits the bat.
You kill the bat!
You hear an angry hiss.
A ball python comes into view.
You shoot a sling bullet. The sling bullet hits the ball python.
The ball python is heavily wounded.
The ball python completely misses you. The ball python grabs you.
The ball python constricts you.
You shoot a sling bullet.
The sling bullet barely misses the ball python.
The ball python bites you. The ball python constricts you.
The ball python bites you but does no damage.
The ball python constricts you.
Your +2 sling of electrocution stops crackling.
You are now empty-handed.
You hit the ball python.
The ball python is severely wounded.
The ball python bites you but does no damage.
The ball python constricts you. The ball python barely misses you.
The ball python constricts you.
You hit the ball python.
You kill the ball python!
No target in view!
You hear the crackle of electricity.
b - a +2 sling of electrocution (weapon)
You see here a staff of earth.
An endoplasm comes into view.
The endoplasm quivers.
You shoot a sling bullet. The sling bullet hits the endoplasm!
You kill the endoplasm!
Your +2 sling of electrocution stops crackling.
You are now empty-handed.
You see here a +0 spear.
You see here a +0 dagger.
Done exploring.
You hear the crackle of electricity.
b - a +2 sling of electrocution (weapon)
Done exploring.
Search for what [Enter for "d:", or ? for help]? d: Unknown command.
There is a stone staircase leading down here.
You climb downwards.
Found a book of Party Tricks.
There is a stone staircase leading up here.
You pick up a book of Party Tricks and begin reading...
You add the spells Apportation, Jinxbite and Alistair's Intoxication to your library.
A rat comes into view.
You shoot a sling bullet. The sling bullet barely misses the rat.
You shoot a sling bullet. The sling bullet hits the rat!
Lightning courses through the rat!!
You kill the rat!
No target in view!
Found a stone staircase leading down.
A frilled lizard comes into view.
You shoot a sling bullet.
The sling bullet closely misses the frilled lizard.
You shoot a sling bullet.
The sling bullet barely misses the frilled lizard.
You shoot a sling bullet.
The sling bullet closely misses the frilled lizard.
The frilled lizard bites you but does no damage.
Your +2 sling of electrocution stops crackling.
You are now empty-handed.
The frilled lizard barely misses you.
You barely miss the frilled lizard. You punch the frilled lizard!
You kill the frilled lizard!
No target in view!
You hear the crackle of electricity.
b - a +2 sling of electrocution (weapon)
Found a plate armour.
You see here the staff of False Accusations {Fragile rPois Dex-3 Stlth+ Earth}.
You see here a +0 plate armour.
o - a +0 plate armour You start removing your armour.
You continue taking off your +0 ring mail. x4
You finish taking off your +0 ring mail.
You start putting on your armour.
You continue putting on your +0 plate armour. x5
You finish putting on your +0 plate armour.
Unknown command.
You start removing your armour.
You continue taking off your +0 plate armour. x4
You finish taking off your +0 plate armour.
You drop a +0 plate armour.
You start putting on your armour.
You continue putting on your +0 ring mail. x4
You finish putting on your +0 ring mail.
o - a lumpy sapphire potion As you open the door, it creaks loudly!
There is an open door here.
You see here a frilled lizard corpse.
Found a stone staircase leading up.
You now have 91 gold pieces (gained 7).
Found a mace.
A kobold comes into view. It is wielding a +0 short sword.
You shoot a sling bullet.
The sling bullet closely misses the kobold.
You shoot a sling bullet. The sling bullet hits the kobold.
The kobold is heavily wounded.
The kobold barely misses you.
Your +2 sling of electrocution stops crackling.
You are now empty-handed.
You hit the kobold but do no damage.
The kobold is heavily wounded.
The kobold hits you with a +0 short sword.
You hit the kobold.
You kill the kobold!
No target in view!
You hear the crackle of electricity.
b - a +2 sling of electrocution (weapon)
HP restored.
You see here a +0 short sword.
Found a chain mail.
A ball python comes into view.
Found a pair of glowing boots.
You shoot a sling bullet. The sling bullet hits the ball python.
You kill the ball python!
Your +2 sling of electrocution stops crackling.
You are now empty-handed.
You see here a +0 chain mail.
p - a +0 chain mail You start removing your armour.
You continue taking off your +0 ring mail. x4
You finish taking off your +0 ring mail.
You start putting on your armour.
You continue putting on your +0 chain mail. x5
You finish putting on your +0 chain mail.
Unknown command.
You start removing your armour.
You continue taking off your +0 chain mail. x4
You finish taking off your +0 chain mail.
You drop a +0 chain mail.
You start putting on your armour.
You continue putting on your +0 ring mail. x4
You finish putting on your +0 ring mail.
You see here a +2 pair of boots.
p - a +2 pair of boots You start putting on your armour.
You continue putting on your +2 pair of boots. x4
You finish putting on your +2 pair of boots.
Found 3 stones.
You see here 3 stones.
You now have 101 gold pieces (gained 10).
Found a stone staircase leading down.
A rat comes into view.
You hear the crackle of electricity.
b - a +2 sling of electrocution (weapon)
You shoot a sling bullet. The sling bullet hits the rat.
You kill the rat!
Your +2 sling of electrocution stops crackling.
You are now empty-handed.
You hear the crackle of electricity.
b - a +2 sling of electrocution (weapon)
m - 2 potions of heal wounds (gained 1)
Found a stone staircase leading up.
You now have 111 gold pieces (gained 10).
q - a scroll labelled WAIKHU BADE DEBI
r - a scroll labelled PYAF ESAIR You now have 118 gold pieces (gained 7).
A ball python comes into view.
The ball python hisses angrily.
You shoot a sling bullet.
The sling bullet closely misses the ball python.
You shoot a sling bullet.
The sling bullet barely misses the ball python.
You shoot a sling bullet.
The sling bullet closely misses the ball python.
The ball python bites you but does no damage.
The ball python grabs you. The ball python constricts you.
Your +2 sling of electrocution stops crackling.
You are now empty-handed.
You punch the ball python!
You kill the ball python!
No target in view!
You hear the crackle of electricity.
b - a +2 sling of electrocution (weapon)
You see here a ball python corpse.
Found a stone staircase leading down.
There is a stone staircase leading down here.
There is a stone staircase leading down here.
Found 5 stones.
You see here 5 stones.
A rat comes into view.
You shoot a sling bullet. The sling bullet barely misses the rat.
You shoot a sling bullet. The sling bullet hits the rat.
You kill the rat!
No target in view!
You see here a rat corpse.
Done exploring.
Done exploring.
Search for what [Enter for "d:", or ? for help]? d: Unknown command.
There is a stone staircase leading down here.
You climb downwards.
There is a stone staircase leading up here.
A goblin comes into view. It is wielding a +0 club.
You shoot a sling bullet. The goblin shouts!
The sling bullet hits the goblin.
The goblin is heavily wounded.
You shoot a sling bullet. The sling bullet hits the goblin.
You kill the goblin!
A giant cockroach comes into view.
You see here 17 gold pieces.
You shoot a sling bullet.
The sling bullet hits the giant cockroach.
Lightning courses through the giant cockroach!
You kill the giant cockroach!
No target in view!
You now have 135 gold pieces (gained 17).
You now have 142 gold pieces (gained 7).
Found a stone staircase leading down.
There is a stone staircase leading down here.
An adder comes into view.
The adder hisses angrily.
You shoot a sling bullet. The sling bullet hits the adder.
The adder is moderately wounded.
You shoot a sling bullet. The sling bullet hits the adder.
The adder is heavily wounded.
The adder bites you but does no damage.
Your +2 sling of electrocution stops crackling.
You are now empty-handed.
You hit the adder but do no damage.
The adder is heavily wounded.
The adder bites you but does no damage. The adder closely misses you.
You hit the adder.
The adder is heavily wounded.
The adder bites you.
You are poisoned.
The adder poisons you!
You hit the adder.
You kill the adder!
You feel sick.
Your Unarmed Combat skill increases to level 5!
No target in view!
You hear the crackle of electricity.
b - a +2 sling of electrocution (weapon)
You start resting.
You feel sick. x5
You are no longer poisoned.
You start resting.
HP restored.
You see here an adder corpse.
You see here an adder corpse.
There is a stone staircase leading down here.
m - 3 potions of heal wounds (gained 1)
You see here a +0 arbalest.
r - 2 scrolls labelled PYAF ESAIR (gained 1)
An orc wizard comes into view. It is wielding a +0 dagger.
The orc wizard shouts!
You shoot a sling bullet.
The sling bullet barely misses the orc wizard.
No target in view!
Your +2 sling of electrocution stops crackling.
You are now empty-handed.
An orc comes into view. It is wielding a +0 club.
The orc shouts!
You hear a shout!
An orc comes into view. It is wielding a +0 dagger.
The orc wizard closely misses you.
You barely miss the orc wizard.
The orc shouts!
The orc wizard closely misses you.
You hit the orc wizard.
The orc wizard is lightly wounded.
The orc wizard barely misses you.
You barely miss the orc wizard.
The orc wizard is lightly wounded.
The orc wizard closely misses you.
An orc comes into view. It is wielding a +0 hand axe.
You barely miss the orc wizard.
The orc wizard is lightly wounded.
You closely miss the orc wizard.
The orc wizard is lightly wounded.
You hit the orc.
The orc is heavily wounded.
You barely miss the orc.
The orc is heavily wounded.
The orc hits you with a +0 club.
The orc wizard mumbles some strange words.
The orc wizard flickers and vanishes for a moment.
You hit the orc.
You kill the orc!
An orc priest comes into view. It is wielding a +0 club.
The orc priest shouts, "Beogh is our master!
Accept the truth or die!" (press Y on the ability menu to convert to Beogh)
You hit the orc.
The orc is almost dead.
The orc barely misses you.
You bow before the missionary of Beogh.
Beogh welcomes you!
You can now smite your foes.
With a roar of approval, the orcs welcome you as one of their own, and spare your life.
Unknown command.
You hear the crackle of electricity.
b - a +2 sling of electrocution (weapon)
You swap places.
Things that are here:
a +0 club; an orc corpse You swap places.
You swap places.
An orc wizard comes into view. It is wielding a +0 dagger.
You shoot a sling bullet. The sling bullet hits the orc wizard.
The orc wizard is lightly wounded.
An orc priest comes into view. It is wielding a +1 flail of draining.
Your +2 sling of electrocution stops crackling.
You are now empty-handed.
The orc wizard closely misses you.
An orc priest comes into view. It is wielding a +0 club.
The orc priest shouts!
You hit the orc wizard.
The orc wizard is moderately wounded.
The orc priest mumbles some strange prayers to Beogh against you.
Beogh smites you!
You hit the orc wizard but do no damage.
The orc wizard is moderately wounded.
The orc wizard closely misses you.
You hit the orc wizard.
The orc wizard is heavily wounded.
The orc priest calls down the wrath of Beogh upon you.
Beogh smites you!
The orc wizard hits you but does no damage.
You punch the orc wizard!
You kill the orc wizard!
Beogh accepts your kill.
You punch the orc priest!
The orc priest is severely wounded.
The orc priest begins to cast a cantrip, but forgets the words!
You hit the orc priest but do no damage.
The orc priest is severely wounded.
The orc priest hits you with a +1 flail of draining.
You feel drained.
You hit the orc priest.
The orc priest is severely wounded.
The orc priest closely misses you.
You hit the orc priest.
The orc priest is almost dead.
The orc priest hits you with a +1 flail of draining!
* * * LOW HITPOINT WARNING * * *
You feel drained.
* * * LOW HITPOINT WARNING * * *
Unknown command.
You hit the orc priest but do no damage.
The orc priest is almost dead.
The orc priest invokes the aid of Beogh against you.
Beogh smites you!
You die...
Beogh appreciates the orc priest's killing of a heretic priest.

Skill      XL: |  1  2  3  4 |
---------------+-------------+-----
Fighting       | 4 |  4.8
Unarmed Combat | 4 5 |  5.2
Dodging        | |  2.4

Action                     |  1- 3 |  4- 6 || total
---------------------------+-------+-------++-------
  Melee: Unarmed           |    50 |    32 ||    82
   Fire: Sling             |    15 |    32 ||    47
 Invoke: Convert to Beogh  |       |     1 ||     1
 Armour: Ring mail         |    26 |    15 ||    41
         Leather armour    |     2 |       ||     2
  Dodge: Dodged            |    27 |    18 ||    45

Levels and vault maps discovered:
D:1:      matt_arrival_diagonals, layout_basic, serial_glass, glass_columns_a,
          glass_columns_c, due_unseen_surprise, feat_on_display, minivault_5,
          st_stairs_14, minmay_misc_feat_pillars, chequers_big_river, hex_medium
D:2:      layout_loops_cross, serial_shops, nicolae_shop_pleasant_corner_grove,
          shapermc_ecumenical_altar_ellora, basic_altar, minmay_ruptured,
          uniq_jessica
D:3:      layout_basic
D:4:      layout_loops_ring, temple_doors_ab

Notes
Turn   | Place    | Note
-------+----------+-------------------------------------------
     0 | D:1      | scionoferis the Hill Orc Monk began the quest for the Orb.
     0 | D:1      | Reached XP level 1. HP: 19/19 MP: 1/1
   289 | D:1      | Reached XP level 2. HP: 25/27 MP: 2/2
  1029 | D:2      | Reached skill level 4 in Fighting
  1065 | D:2      | Noticed Jessica
  1078 | D:2      | Reached skill level 4 in Unarmed Combat
  1078 | D:2      | Reached XP level 3. HP: 25/33 MP: 3/3
  1085 | D:2      | Killed Jessica
  1167 | D:2      | Found Quikhis's General Store.
  1171 | D:2      | Bought a potion of heal wounds for 60 gold pieces
  1171 | D:2      | Bought a scroll of teleportation for 36 gold pieces
  1212 | D:2      | Reached XP level 4. HP: 41/41 MP: 4/4
  1347 | D:2      | Found a burning altar of Makhleb.
  1442 | D:2      | Found a faded altar of an unknown god.
  1746 | D:3      | Identified the staff of False Accusations {Fragile rPois
                  | Dex-3 Stlth+ Earth}
  2425 | D:4      | Reached skill level 5 in Unarmed Combat
  2550 | D:4      | Became a worshipper of Beogh the Brigand
  2550 | D:4      | Reached * piety under Beogh
  2550 | D:4      | Reached ** piety under Beogh
  2567 | D:4      | Killed from afar by an orc priest

Vanquished Creatures
  Jessica (D:2)
  An orc wizard (D:4)
  2 adders (D:2 D:4)
  An orc (D:4)
  3 bats (D:1 D:2)
  4 endoplasms (D:1 D:2)
  2 giant cockroaches (D:1 D:4)
  2 goblins (D:2 D:4)
  3 hobgoblins (D:1 D:2)
  4 jackals (D:2)
  6 ball pythons (D:1 D:2 D:3)
  3 frilled lizards (D:1 D:2 D:3)
  2 kobolds (D:2 D:3)
  7 rats (D:1 D:2 D:3)
41 creatures vanquished.

Table legend: (Time is in decaauts)
 A = Elapsed time spent in this place.
 B = Non-inter-level travel time spent in this place.
 C = Inter-level travel time spent in this place.
 D = Time resting spent in this place.
 E = Time spent auto-exploring this place.
 F = Levels seen in this place.
 G = Mean time per level.
                   A        B        C        D        E       F      G
               +--------+--------+--------+--------+--------+-----+--------+
         Total |   2578 |   2512 |     66 |     87 |   2032 |   4 |  644.5 |
       Dungeon |   2578 |   2512 |     66 |     87 |   2032 |   4 |  644.5 |
               +--------+--------+--------+--------+--------+-----+--------+

Top non-repeatable levels by time:
     D:1: 947 daAuts
     D:2: 769 daAuts
     D:3: 638 daAuts
     D:4: 222 daAuts

Table legend:
 A = Non-vault XP
 B = Vault XP
 C = Vault XP percentage of total XP
 D = Non-vault monster count
 E = Vault monster count
 F = Vault count percentage of total count
                 A         B        C        D         E       F
            +---------+---------+-------+---------+---------+-------
      Total |     123 |      39 |  24.1 |      38 |       3 |   7.3
            +---------+---------+-------+---------+---------+-------
        D:1 |      12 |       1 |   7.7 |       7 |       1 |  12.5
        D:2 |      45 |      38 |  45.8 |      19 |       2 |   9.5
        D:3 |       9 |       0 |   0.0 |       7 |       0 |   0.0
        D:4 |      57 |       0 |   0.0 |       5 |       0 |   0.0
            +---------+---------+-------+---------+---------+-------
